 Dungeon Crawl Stone Soup version 0.18-a0-1180-g64ccc1e (webtiles) character file.

7 Leszczynek the Sneak (level 2, -1/22 HPs)
             Began as a Naga Wizard on Jan 27, 2016.
             Slain by a rat (2 damage)
             ... on level 1 of the Dungeon.
             The game lasted 00:01:44 (505 turns).

Leszczynek the Sneak (Naga Wizard)                   Turns: 505, Time: 00:01:45

Health: -1/22      AC:  1    Str:  9    XL:     2   Next: 4%
Magic:  0/6        EV:  9    Int: 18    God:
Gold:   14         SH:  0    Dex:  9    Spells: 1 memorised, 6 levels left

rFire  . . .     SeeInvis +     i - +0 mace
rCold  . . .     Gourm    .     a - +0 robe
rNeg   . . .     Faith    .     (no shield)
rPois  +         Spirit   .     b - +0 hat
rElec  .         Dismiss  .     (no cloak)
rCorr  .         Reflect  .     (no gloves)
SustAt .         Harm     .     (no barding)
MR     .....                    (no amulet)
Stlth  ++........               (no ring)
                                (no ring)

@: very slightly contaminated, very slow, not resistant to hostile enchantments,
unstealthy
A: see invisible, deformed body, poison resistance, slowness 2, slow metabolism
1, spit poison 2, AC +0
a: Spit Poison


You were on level 1 of the Dungeon.
You were not hungry.

You visited 1 branch of the dungeon, and saw 1 of its levels.

You collected 14 gold pieces.

Inventory:

Hand Weapons
 i - a +0 mace (weapon)
Missiles
 j - 18 stones (quivered)
Armour
 a - a +0 robe (worn)
 b - a +0 hat (worn)
 g - a cursed +0 leather armour
Scrolls
 h - a scroll of teleportation {unknown}
Potions
 e - a potion of might {unknown}
Books
 c - a book of Minor Magic

   Spells                             Type                      Level
   a - Magic Dart                     Conjuration                  1
   b - Blink                          Translocation                2
   c - Call Imp                       Summoning                    2
   d - Repel Missiles                 Charms/Air                   2
   e - Slow                           Hexes                        2
   f - Conjure Flame                  Conjuration/Fire             3
   g - Mephitic Cloud                 Conjuration/Poison/Air       3
Comestibles
 d - 2 bread rations
 f - a chunk of flesh


   Skills:
 - Level 1.5 Dodging
 * Level 3.7 Stealth
 - Level 3.0 Spellcasting
 + Level 1.5 Conjurations
   Level 1.0 Summonings
   Level 1.0 Translocations


You had 6 spell levels left.
You knew the following spells:

 Your Spells              Type           Power        Failure   Level  Hunger
a - Magic Dart            Conj           #...         12%         1    None


Dungeon Overview and Level Annotations

Branches:
Dungeon (1/15)

Altars:


Innate Abilities, Weirdness & Mutations

You cannot wear boots.
Your serpentine skin is tough (AC +0).
You have supernaturally acute eyesight.
Armour fits poorly on your strangely shaped body.
Your system is resistant to poisons.
You cover ground very slowly.
You have a slow metabolism.
You can spit poison.


Message History

Aiming: Magic Dart
Press: ? - help, Shift-Dir - straight line, f/p - hobgoblin
Aim: a hobgoblin (almost dead)
The magic dart hits the hobgoblin.
You kill the hobgoblin!
You have reached level 2!
Casting: Magic Dart
Confirm with . or Enter, or press ? or * to list all spells.
Aiming: Magic Dart
Press: ? - help, Shift-Dir - straight line, f - rat
Aim: a rat You miscast Magic Dart.
You are very lightly contaminated with residual magic.
Nothing appears to happen.
The rat bites you.
* * * LOW HITPOINT WARNING * * *
Casting: Magic Dart
Confirm with . or Enter, or press ? or * to list all spells.
You don't know that spell.
You closely miss the rat. The rat bites you.
You die...

.####.########.#####+#......#
.# #.# #+# #.........# .# #.#
+..$......# .# #+# #.........#
.# #.........# .# #.hK........
.##################.h...##....
.................######.# ....
#.##.###########@# ..........#
#r######.# ..........#
#........#
..........#######.#####.#
..........##..........#
..........##..........#
..........##..........#
..........##..........#
..........##..........#


You could see a rat.

Vanquished Creatures
  A goblin (D:1)
  A hobgoblin (D:1)
  3 bats (D:1)
  A kobold (D:1)
  A rat (D:1)
7 creatures vanquished.

Notes
Turn   | Place    | Note
--------------------------------------------------------------
     0 | D:1      | Leszczynek the Naga Wizard began the quest for the Orb.
     0 | D:1      | Reached XP level 1. HP: 15/15 MP: 4/4
   503 | D:1      | Reached XP level 2. HP: 2/22 MP: 1/6
   504 | D:1      | HP: 1/22 [rat (1)]
   505 | D:1      | Slain by a rat

Vault maps used:
D:1:      dpeg_arrival_renting, dk_noncrumbling_3

Action                   || total
-------------------------++-------
Melee: Mace              ||     7
       Unarmed           ||     3
 Cast: Magic Dart        ||    10
 Stab: Sleeping          ||     1
